 Dungeon Crawl Stone Soup version 0.26.0-16-gc1dbca0489 (webtiles) character file.

Game seed: 7163395895562844206

1302 thiole the Sneak (level 8, -5/46 HPs)
             Began as an Octopode Hedge Wizard on Jan 20, 2021.
             Splashed by a jelly's acid (10 damage)
             ... on level 7 of the Dungeon.
             The game lasted 00:13:22 (8863 turns).

thiole the Sneak (Octopode Hedge Wizard)            Turns: 8863, Time: 00:13:22

Health: -5/46      AC: -3    Str:  9    XL:     8   Next: 57%
Magic:  11/15      EV: 14    Int: 18    God:
Gold:   314        SH:  0    Dex: 25    Spells: 11/17 levels left

rFire    x . .     SeeInvis .   m - +1 rapier "Murmur" {pain, Dex+7}
rCold    + . .     Faith    .   (no shield)
rNeg     . . .     Spirit   .   b - +0 hat
rPois    .         Reflect  .   s - amulet of the acrobat
rElec    .         Harm     .   i - +6 ring of dexterity
rCorr    .         Rampage  .   g - ring of ice
Will     .....                  (no ring)
Stlth    +++++.....             (no ring)
HPRegen  0.15/turn              (no ring)
MPRegen  0.14/turn              (no ring)
                                (no ring)
                                (no ring)

@: corroded
A: almost no armour, stealthy swim, amphibious, 8 rings, constrict 8, camouflage
1, gelatinous body 1
a: no special abilities


You were on level 7 of the Dungeon.
You visited 1 branch of the dungeon, and saw 7 of its levels.

You collected 314 gold pieces.

Inventory:

Hand Weapons
 a - a +0 dagger
 m - the +1 rapier "Murmur" (weapon) {pain, Dex+7}
   (You found it on level 5 of the Dungeon)

   In the hands of one skilled in necromantic magic, it inflicts extra damage on
   living creatures.
   It affects your dexterity (+7).
 q - a +2 dagger of flaming
Armour
 b - a +0 hat (worn)
Jewellery
 g - a ring of ice (right tentacle)
 i - a +6 ring of dexterity (left tentacle)
 s - an amulet of the acrobat (around mantle)
Wands
 h - a wand of iceblast (14)
 p - a wand of disintegration (12)
Scrolls
 c - a scroll of immolation {unknown}
 e - 3 scrolls of teleportation {unknown}
 k - 2 scrolls of fog {unknown}
 l - a scroll of fear {unknown}
 n - 2 scrolls of remove curse
 t - a scroll of random uselessness {unknown}
 u - a scroll of amnesia {unknown}
Potions
 d - 2 potions of might
 f - a potion of brilliance {unknown}
 j - a potion of degeneration
 o - a potion of heal wounds {unknown}
 r - 2 potions of curing


   Skills:
 - Level 2.0 Dodging
 + Level 6.7 Stealth
 + Level 5.2 Spellcasting
 - Level 2.0 Conjurations
 * Level 3.6 Summonings
 - Level 1.0 Translocations
 + Level 5.4 Air Magic
 - Level 2.0 Poison Magic
 + Level 2.8 Evocations


You had 11 spell levels left.
You knew the following spells:

 Your Spells              Type           Power        Failure   Level
a - Magic Dart            Conj           44%          6%          1
b - Call Imp              Summ           17%          4%          2
c - Mephitic Cloud        Conj/Pois/Air  16%          11%         3

Your spell library contained the following spells:

 Spells                   Type           Power        Failure   Level
 Blink                    Tloc           N/A          13%         2
 Slow                     Hex            4%           21%         2
 Conjure Flame            Conj/Fire      8%           26%         3
 Gell's Gravitas          Tloc           4%           26%         3
 Confusing Touch          Hex            4%           36%         3
 Petrify                  Tmut/Erth      4%           78%         4
 Metabolic Englaciation   Hex/Ice        3%           98%         5
 Yara's Violent Unravell  Hex/Tmut       2%           98%         5


Dungeon Overview and Level Annotations

Branches:
Dungeon (7/15)
 Temple: D:4-7

Altars:
Ashenzari
Elyvilon
Makhleb
Okawaru
Uskayaw
Wu Jian
Xom
Zin

Shops:
D:5 (:


Innate Abilities, Weirdness & Mutations

You cannot wear most types of armour.
You are very stealthy in the water. (Stealth+)
You are amphibious.
You can wear up to eight rings at the same time.
You can use your tentacles to constrict eight enemies at once.
Your skin changes colour to match your surroundings (Stealth+).
Your rubbery body absorbs attacks. (AC +1, EV +1)


Message History

You hear a distant slurping noise.
Casting: Magic Dart (safe; 6% risk of failure)
Confirm with . or Enter, or press ? or * to list all spells.
Aiming: Magic Dart (safe; 6% risk of failure)
Press: ? - help, Shift-Dir - straight line, f/p - jelly
Aim: a jelly (moderately wounded, 0% to evade)
The magic dart hits the jelly.
The jelly is moderately wounded.
You hit the jelly. The acid corrodes you!
Your tentacles burn!
* * * LOW HITPOINT WARNING * * *
You squeeze the jelly.
The jelly is heavily wounded.
The jelly misses you.
You hit the jelly but do no damage.
Your tentacles burn!
* * * LOW HITPOINT WARNING * * *
The jelly is heavily wounded.
The jelly hits you.
* * * LOW HITPOINT WARNING * * *
You are splashed with acid!
You die...

#.....................
#.....................
#.....................
+##..........[..........
........##############'#
......).# #..........#
........# #..).#.....#
.......J# #....#.....#
.......@#####.##########
........................
........................
........................
........................
........................
...######.############'#
... .... #........# ...
#........#


You could see a jelly.

Vanquished Creatures
  A phantom (D:5)
  3 centaurs
  2 ogres
  2 scorpions
  A howler monkey (D:6)
  A jelly (D:4)
  3 orc priests
  A bullfrog skeleton (D:3)
  An iguana (D:6)
  Jessica (D:3)
  3 worker ants
  Ijyb (D:5)
  2 orc wizards
  Robin (D:3)
  8 adders
  A shadow imp (D:5)
  An adder zombie (D:5)
  2 worms
  2 dart slugs
  4 leopard geckos
  15 orcs
  8 giant cockroaches
  17 goblins
  15 hobgoblins
  2 jackals (D:4)
  3 quokkas
  A ball python (D:4)
  5 bats
  2 frilled lizards
  6 kobolds
  10 rats
125 creatures vanquished.

Vanquished Creatures (collateral kills)
  A black bear (D:6)
  An ogre (D:4)
2 creatures vanquished.

Vanquished Creatures (others)
  7 plants (D:2)
7 creatures vanquished.

Grand Total: 134 creatures vanquished

Notes
Turn   | Place    | Note
-------+----------+-------------------------------------------
     0 | D:1      | thiole the Octopode Hedge Wizard began the quest for the
                  | Orb.
     0 | D:1      | Reached XP level 1. HP: 11/11 MP: 4/4
   217 | D:1      | Reached XP level 2. HP: 17/17 MP: 1/6
   448 | D:1      | Reached skill level 3 in Stealth
   685 | D:1      | Reached XP level 3. HP: 21/21 MP: 4/7
  1264 | D:1      | Learned a level 2 spell: Call Imp
  1268 | D:1      | Learned a level 3 spell: Mephitic Cloud
  1715 | D:2      | Reached skill level 1 in Poison Magic
  1715 | D:2      | Reached XP level 4. HP: 27/27 MP: 3/8
  1973 | D:2      | Reached skill level 1 in Air Magic
  2358 | D:3      | Noticed Robin
  2402 | D:3      | Killed Robin
  2403 | D:3      | Reached XP level 5. HP: 6/31 MP: 4/10
  2686 | D:3      | Found a hide-covered altar of Uskayaw.
  2788 | D:3      | Noticed Jessica
  2794 | D:3      | Killed Jessica
  2799 | D:3      | Reached skill level 4 in Stealth
  3508 | D:4      | Noticed an ogre
  3519 | D:4      | Killed an ogre
  3520 | D:4      | Reached XP level 6. HP: 36/36 MP: 11/11
  3708 | D:4      | Found a burning altar of Makhleb.
  4003 | D:4      | Reached skill level 5 in Stealth
  4076 | D:4      | Found an ornate altar of the Wu Jian Council.
  4493 | D:4      | Found a white marble altar of Elyvilon.
  4609 | D:4      | Became a worshipper of Elyvilon the Healer
  4664 | D:4      | Found an iron altar of Okawaru.
  4806 | D:5      | Entered Level 5 of the Dungeon
  4854 | D:5      | Reached XP level 7. HP: 12/41 MP: 11/13
  5085 | D:5      | Got a masterwork rapier
  5107 | D:5      | Identified the +1 rapier "Murmur" {pain, Dex+7} (You found
                  | it on level 5 of the Dungeon)
  5112 | D:5      | Fell from the grace of Elyvilon
  5844 | D:5      | Noticed Ijyb
  5856 | D:5      | Killed Ijyb
  5857 | D:5      | Reached skill level 1 in Evocations
  6181 | D:5      | Reached skill level 6 in Stealth
  6339 | D:5      | Found a broken altar of Ashenzari.
  6646 | D:5      | Reached skill level 5 in Air Magic
  6827 | D:5      | Found Irphe's Antique Weapon Emporium.
  6928 | D:5      | Found Tufaotau's Book Emporium.
  7175 | D:6      | Reached XP level 8. HP: 41/46 MP: 8/15
  7466 | D:6      | Reached skill level 5 in Spellcasting
  8102 | D:6      | Found a shimmering altar of Xom.
  8228 | D:6      | Found a glowing silver altar of Zin.
  8791 | D:7      | HP: 2/46 [centaur (9)]
  8863 | D:7      | Splashed by a jelly's acid

Illustrated notes

Levels and vault maps discovered:
D:1:      sevenhm_arrival_forest_fort_small_6, layout_basic,
          minmay_misc_feat_secret_circle, kennysheep_nondescript
D:2:      layout_rooms, serial_bayou_lake_a
D:3:      layout_loops_ring, eat_drink_and_be_merry_uskayaw, uniq_jessica,
          uniq_robin
D:4:      layout_cave_pods, kennysheep_mini_moat, marbit_many_paths,
          chequers_temple_overflow_statue_of_worship
D:5:      layout_layer_cave, overflow_temple_1_default, serial_shops,
          nicolae_shop_behind_doors, shop, uniq_ijyb
D:6:      layout_loops_cross, tgw_xom, nicolae_overflow_hidden_temple
D:7:      layout_gridville, minmay_temple_entry_hall, basic_altar

Skill      XL: |  1  2  3  4  5  6  7  8 |
---------------+-------------------------+-----
Stealth        | 3 4 5 6 |  6.7
Conjurations   | 2 |  2.0
Summonings     | 2 3 |  3.6
Poison Magic   | 1 2 |  2.0
Air Magic      | 1 3 4 5 |  5.4
Spellcasting   | 4 5 |  5.2
Evocations     | 1 2 |  2.8
Dodging        | |  2.0
Translocations | |  1.0

Action                   |  1- 3 |  4- 6 |  7- 9 || total
-------------------------+-------+-------+-------++-------
Melee: Dagger            |    38 |   104 |     2 ||   144
       Constrict         |    10 |    19 |    21 ||    50
       Tentacles         |     7 |    14 |    39 ||    60
       Rapier            |       |       |    98 ||    98
 Cast: Magic Dart        |    75 |    80 |    59 ||   214
       Call Imp          |       |     3 |     5 ||     8
       Mephitic Cloud    |       |       |     1 ||     1
Invok: Renounce Religion |       |       |     1 ||     1
Evoke: Wand              |       |     3 |       ||     3
  Use: Potion            |       |     6 |     1 ||     7
       Scroll            |       |     2 |       ||     2
 Stab: Sleeping          |     1 |     1 |     2 ||     4
       Confused          |       |       |     2 ||     2
       Distracted        |       |       |     1 ||     1
Armor: Skin              |     1 |   157 |     7 ||   165
Dodge: Dodged            |    18 |    53 |    58 ||   129
